 Dungeon Sprint DCSS version 0.31-a0-931-g7b59d4eb97 (webtiles) character file.

Game seed: 1352154057570699765

20162 rocky1 the Fencer (level 13, -9/106 HPs)
             Began as a Djinni Gladiator on Oct 20, 2023.
             Was the Champion of Cheibriados.
             Mangled by a stone giant (34 damage)
             ... in the Dungeon (Sprint IX: "|||||||||||||||||||||||||||||").
             The game lasted 00:09:45 (3939 turns).

rocky1 the Fencer (Djinni Gladiator)                Turns: 3939, Time: 00:09:46

Health: -9/106     AC: 22    Str: 28    XL:     13   Next: 10%
Gold:   109        EV: 22    Int: 27    God:    Cheibriados [******] SH:  0 Dex: 33

rFire   + . .        m - +2 scimitar (vamp)
rCold   + + .        (no shield)
rNeg    . . .        C - +1 ice dragon scales
rPois   ∞            c - +0 helmet
rElec   .            (no cloak)
rCorr   +            v - +0 pair of gloves
SInv    .            (boots unavailable)
Will    +....        (no amulet)
Stlth   +            q - ring of Leaves {rF+ rCorr AC+4}
HPRegen 0.37/turn    A - ring of ice
MPRegen 0.00/turn

%: no teleportation, infuse magic (-10 HP)
@: flying, studying Dodging, very slow
A: sickness immunity, fire resistance 2, cold vulnerability 1, float, innate
caster, HP casting, extra vitality 1
a: Renounce Religion, Bend Time, Temporal Distortion, Slouch, Step From Time


You were in the Dungeon.
You worshipped Cheibriados.
Cheibriados was exalted by your worship.
You visited 1 branch You collected 1927 gold pieces.
You spent 1818 gold pieces at shops.

Inventory:

Hand Weapons
 a - a +0 long sword
 f - a +4 scimitar of flaming
 m - a +2 vampiric scimitar (weapon)
 x - a +2 double sword of draining
 E - a +1 great sword
Missiles
 d - 3 throwing nets (quivered)
 e - 7 javelins
Armour
 b - a +0 leather armour
 c - a +0 helmet (worn)
 p - a +2 ring mail
 r - the +0 plate armour of Ygiaf {Str+6}
   (You found it in the Dungeon)

   Str+6:     It affects your strength (+6).
 v - a +0 pair of gloves (worn)
 C - +1 ice dragon scales (worn)
 D - the +5 plate armour of Salvation {rElec rN+++ Str+3 Dex-4}
   (You found it in the Dungeon)

   Str+3:     It affects your strength (+3).
   Dex-4:     It affects your dexterity (-4).
   rElec:     It insulates you from electricity.
   rN+++:     It renders you almost immune to negative energy.
Jewellery
 n - a +2 ring of evasion
 o - a +3 ring of strength
 q - the ring of Leaves (left hand) {rF+ rCorr AC+4}
   (You bought it in a shop in the Dungeon)

   [ring of protection]

   AC+4:      It affects your AC (+4).
   rF+:       It protects you from fire.
   rCorr:     It protects you from acid and corrosion.
 y - a ring of willpower
 z - a ring of see invisible
 A - a ring of ice (right hand)
 B - a ring of protection from fire
Wands
 l - a wand of quicksilver (9)
 w - a wand of iceblast (5)
Scrolls
 j - 2 scrolls of blinking
 s - 4 scrolls of enchant armour
 t - 7 scrolls of fog
 u - 4 scrolls of enchant weapon
 G - 3 scrolls of identify
Potions
 g - a potion of might
 h - 2 potions of haste
 i - 2 potions of berserk rage
 k - 9 potions of curing
 F - a potion of heal wounds


   Skills:
 + Level 14.5 Fighting
 + Level 19.1 Long Blades
 - Level 2.4 Throwing
 + Level 13.4 Armour
 + Level 11.1 Dodging
 - Level 0.5 Stealth
 * Level 13.4 Invocations


You knew the following spells:

 Your Spells              Type           Power      Damage    Failure   Level
a - Shock                 Conj/Air       0%         1d3       24%         1
b - Lesser Beckoning      Tloc           0%         N/A       34%         2
c - Stone Arrow           Conj/Erth      0%         3d7       56%         3
d - Hailstorm             Conj/Ice       0%         3d3       56%         3
e - Flame Wave            Conj/Fire      0%         2d4       93%         4
f - Summon Mana Viper     Hex/Summ       0%         N/A       100%        5
Your spell library was empty.


Dungeon Overview and Level Annotations

Branches:
Dungeon (1/1)

Altars:
Cheibriados
Dithmenos
Elyvilon
Fedhas
Gozag
Hepliaklqana
Makhleb
Nemelex Xobeh
Okawaru
Qazlal
Ru
Trog
Uskayaw
Wu Jian
Xom
Yredelemnul
Zin
The Shining One
Jiyva
Lugonu

Shops:
D *[=:


Innate Abilities, Weirdness & Mutations

You are immune to sickness and miasma.
You are immune to poison.
Your flesh is very heat resistant. (rF++)
You are vulnerable to cold. (rC-)
You float through the air rather than walking.
You learn spells naturally, not from books.
Your magical power is your life essence.
You have superior vitality. (+4 MHP)


Message History

You can feel time thicken for a moment.
You kill the white very ugly thing!
Cheibriados appreciates the change of pace.
The stone giant throws a large rock.
The large rock misses you.
Your Fighting skill increases to level 14!
Your Long Blades skill increases to level 19!
Your Armour skill increases to level 13!
Your Invocations skill increases to level 13!
Unknown command.
Activating: Slouch (1% risk of failure)
Press: ? - help, Dir - look around, f - activate You can feel time thicken for a moment.
You kill the ogre mage!
Cheibriados appreciates the change of pace.
The stone giant throws a large rock.
The large rock hits you!
* * * LOW HITPOINT WARNING * * *
Your Dodging skill increases to level 11!
You have reached level 13!
The power to cast Summon Mana Viper wells up from within.
Spell assigned to 'f'.
Unknown command.
You feel much better.
Unknown command.
Activating: Slouch (1% risk of failure)
Press: ? - help, Dir - look around, f - activate You can feel time thicken for a moment.
You kill the tengu warrior!
Cheibriados appreciates the change of pace.
You kill the tengu warrior!
Cheibriados appreciates the change of pace.
The stone giant completely misses you.
Unknown command.
You hit the stone giant but do no damage.
The stone giant is almost dead.
The stone giant barely misses you.
You hit the stone giant but do no damage.
Your punch misses the stone giant.
The stone giant is severely wounded.
The stone giant hits you!!
You die...

.'[÷÷.÷..†.†........).?.'...[[[..
▓▓▓▓▓▓▓▓▓▓▓▓▓▓▓▓▓▓▓▓▓▓▓▓▓▓▓▓▓▓▓▓▓
.................................
▓▓▓▓▓▓▓▓▓▓▓▓▓▓▓▓▓▓▓▓▓▓▓▓▓▓▓▓▓▓▓▓▓
))))))))..).))))∩)∩.∩.∩.)...'....
▓▓▓▓▓▓▓▓▓▓▓▓▓▓▓▓▓▓▓▓▓▓▓▓▓▓▓▓▓▓▓▓▓
.......)...................).....
▓▓▓▓▓▓▓▓▓▓▓▓▓▓▓▓▓▓▓▓▓▓▓▓▓▓▓▓▓▓▓▓▓
[[..........††.)@CCu)C.)
▓▓▓▓▓▓▓▓▓▓▓▓▓▓▓▓▓▓▓▓▓▓▓▓


You could see a frost giant, a green very ugly thing, a stone giant and an
ettin.

Vanquished Creatures
  A very ugly thing (D)
  A stone giant (D)
  Harold (D)
  Josephine (D)
  A hydra (D)
  An ogre mage (D)
  A two-headed ogre (D)
  A centaur warrior (D)
  2 tengu warriors (D)
  Urug (D)
  A skyshark (D)
  7 orc high priests (D)
  2 orc knights (D)
  A cyclops (D)
  2 manticores (D)
  An elephant (D)
  Joseph (D)
  3 cane toads (D)
  An efreet (D)
  3 komodo dragons (D)
  A tarantella (shapeshifter) (D)
  A tyrant leech (D)
  3 blink frogs (D)
  5 wraiths (D)
  4 yaks (D)
  A shadow (D)
  A vampire (D)
  A basilisk (D)
  2 steam dragons (D)
  3 vampire mosquitoes (D)
  A water moccasin (D)
  10 orc warriors (D)
  A wolf (D)
  A centaur (D)
  A kobold brigand (D)
  4 bullfrogs (D)
  8 orc priests (D)
  2 hounds (D)
  6 orc wizards (D)
  A hell rat (D)
  A worm (D)
  7 orcs (D)
  A ball python (D)
  A frilled lizard (D)
  2 kobolds (D)
  A rat (D)
103 creatures vanquished.

Vanquished Creatures (others)
  An occultist (D)
  An efreet (D)
  An orc priest (D)
3 creatures vanquished.

Grand Total: 106 creatures vanquished

Notes
Turn   | Place    | Note
-------+----------+-------------------------------------------
     0 | D        | rocky1 the Djinni Gladiator began the quest for the Orb.
     0 | D        | Reached XP level 1. HP: 18/18 MP: 0/0
    10 | D        | Reached skill level 3 in Long Blades
    62 | D        | Noticed a hound
    62 | D        | Noticed a hound
    62 | D        | Noticed a centaur
    66 | D        | Reached XP level 2. HP: 15/23 MP: 0/0
    70 | D        | Reached skill level 4 in Long Blades
    70 | D        | Reached skill level 1 in Armour
    70 | D        | Reached skill level 5 in Dodging
    70 | D        | Reached XP level 3. HP: 15/29 MP: 0/0
    70 | D        | Learned a level 1 spell: Shock
    82 | D        | Reached skill level 5 in Long Blades
    82 | D        | Reached XP level 4. HP: 17/35 MP: 0/0
    92 | D        | Killed a centaur
    93 | D        | Reached skill level 6 in Long Blades
    93 | D        | Reached XP level 5. HP: 17/41 MP: 0/0
    93 | D        | Learned a level 2 spell: Lesser Beckoning
   450 | D        | Found a snail-covered altar of Cheibriados.
   450 | D        | Found a shadowy altar of Dithmenos.
   450 | D        | Found a white marble altar of Elyvilon.
   450 | D        | Found a blossoming altar of Fedhas.
   450 | D        | Found an opulent altar of Gozag.
   451 | D        | Found a hazy altar of Hepliaklqana.
   452 | D        | Found a viscous altar of Jiyva.
   454 | D        | Found a corrupted altar of Lugonu.
   455 | D        | Found a burning altar of Makhleb.
   456 | D        | Found a sparkling altar of Nemelex Xobeh.
   460 | D        | Became a worshipper of Cheibriados the Contemplative
   464 | D        | Found an iron altar of Okawaru.
   465 | D        | Found a stormy altar of Qazlal.
   466 | D        | Found a sacrificial altar of Ru.
   468 | D        | Found a bloodstained altar of Trog.
   469 | D        | Found a hide-covered altar of Uskayaw.
   471 | D        | Found an ornate altar of the Wu Jian Council.
   472 | D        | Found a shimmering altar of Xom.
   473 | D        | Found a basalt altar of Yredelemnul.
   474 | D        | Found a glowing silver altar of Zin.
   475 | D        | Found a glowing golden altar of the Shining One.
   518 | D        | Noticed a kobold brigand
   518 | D        | Noticed a komodo dragon
   518 | D        | Noticed a komodo dragon
   518 | D        | Noticed an orc warrior
   518 | D        | Noticed a vampire
   518 | D        | Noticed a steam dragon
   524 | D        | Killed a komodo dragon
   525 | D        | Reached skill level 9 in Long Blades
   525 | D        | Reached XP level 6. HP: 25/48 MP: 0/0
   525 | D        | Reached XP level 7. HP: 27/53 MP: 0/0
   525 | D        | Learned a level 3 spell: Stone Arrow
   526 | D        | Reached * piety under Cheibriados
   697 | D        | Reached skill level 5 in Fighting
   697 | D        | Reached skill level 10 in Long Blades
   727 | D        | Killed a komodo dragon
   728 | D        | Reached skill level 11 in Long Blades
   728 | D        | Reached skill level 5 in Armour
   728 | D        | Reached XP level 8. HP: 23/60 MP: 0/0
   738 | D        | Reached ** piety under Cheibriados
   739 | D        | Reached skill level 5 in Invocations
   946 | D        | Killed a vampire
  1437 | D        | Noticed a two-headed ogre
  1437 | D        | Noticed a cyclops
  1437 | D        | Noticed an efreet
  1437 | D        | Noticed a shadow
  1437 | D        | Noticed a centaur warrior
  1442 | D        | Reached *** piety under Cheibriados
  1443 | D        | Reached skill level 12 in Long Blades
  1448 | D        | Killed a two-headed ogre
  1449 | D        | Reached skill level 13 in Long Blades
  1449 | D        | Reached XP level 9. HP: 67/67 MP: 0/0
  1449 | D        | Learned a level 3 spell: Hailstorm
  1454 | D        | Killed a cyclops
  1455 | D        | Killed an efreet
  1461 | D        | Killed a centaur warrior
  1461 | D        | Reached **** piety under Cheibriados
  1462 | D        | Reached skill level 14 in Long Blades
  1462 | D        | Reached skill level 10 in Dodging
  1884 | D        | Got the +0 plate armour of Ygiaf {Str+6}
  1906 | D        | Noticed an elephant
  1906 | D        | Noticed a komodo dragon
  1907 | D        | Noticed a skyshark
  1911 | D        | Reached XP level 10. HP: 73/76 MP: 0/0
  1921 | D        | Killed an elephant
  1921 | D        | Reached ***** piety under Cheibriados
  1928 | D        | Killed a komodo dragon
  1929 | D        | Reached skill level 15 in Long Blades
  1956 | D        | Killed a skyshark
  1965 | D        | Reached ****** piety under Cheibriados
  2176 | D        | Noticed a cane toad
  2176 | D        | Noticed a cane toad
  2176 | D        | Noticed a five-headed hydra
  2186 | D        | Killed a one-headed hydra
  2187 | D        | Reached skill level 16 in Long Blades
  2187 | D        | Killed a cane toad
  2194 | D        | Killed a cane toad
  2195 | D        | Reached XP level 11. HP: 64/85 MP: 0/0
  2195 | D        | Learned a level 4 spell: Flame Wave
  2213 | D        | Reached skill level 10 in Fighting
  2545 | D        | Noticed Harold
  2556 | D        | Killed Harold
  2557 | D        | Reached skill level 17 in Long Blades
  2557 | D        | Reached skill level 10 in Armour
  2557 | D        | Reached skill level 10 in Invocations
  2759 | D        | Noticed an orc high priest
  2777 | D        | Killed an orc high priest
  2911 | D        | Noticed an orc knight
  2922 | D        | Killed an orc knight
  2940 | D        | Noticed an orc knight
  2959 | D        | Killed an orc knight
  3054 | D        | Found Kucatt's General Store.
  3054 | D        | Noticed an orc high priest
  3070 | D        | Found Rasaf's Armour Shoppe.
  3071 | D        | Noticed a sixfirhy
  3077 | D        | Killed an orc high priest
  3077 | D        | Noticed an orc high priest
  3078 | D        | Reached skill level 18 in Long Blades
  3078 | D        | Reached XP level 12. HP: 42/95 MP: 0/0
  3078 | D        | Noticed an orc high priest
  3091 | D        | Found Loesaet's Jewellery Emporium.
  3093 | D        | Noticed a soul eater
  3098 | D        | Noticed a sixfirhy
  3100 | D        | Noticed a sun demon
  3101 | D        | Killed an orc high priest
  3111 | D        | Noticed an orc high priest
  3116 | D        | Killed an orc high priest
  3117 | D        | Found Peleparch's Book Shoppe.
  3119 | D        | Noticed a sun demon
  3132 | D        | Killed an orc high priest
  3366 | D        | Noticed an orc high priest
  3383 | D        | Killed an orc high priest
  3391 | D        | Killed an orc high priest
  3504 | D        | Bought the ring of Leaves {rF+ rCorr AC+4} for 778 gold
                  | pieces
  3522 | D        | Bought a manual of Dodging for 1040 gold pieces
  3656 | D        | Noticed Josephine
  3665 | D        | Killed Josephine
  3691 | D        | Noticed Joseph
  3703 | D        | Killed Joseph
  3716 | D        | Noticed Urug
  3728 | D        | Killed Urug
  3855 | D        | Got the +5 plate armour of Salvation {rElec rN+++ Str+3
                  | Dex-4}
  3891 | D        | Noticed an ogre mage
  3893 | D        | Noticed a tengu warrior
  3899 | D        | Noticed a tengu warrior
  3899 | D        | Noticed a stone giant
  3905 | D        | Noticed an ettin
  3906 | D        | Noticed a white very ugly thing
  3907 | D        | Noticed a stone giant
  3913 | D        | Noticed a frost giant
  3921 | D        | Killed a stone giant
  3927 | D        | Noticed a green very ugly thing
  3934 | D        | Killed a white very ugly thing
  3935 | D        | Reached skill level 19 in Long Blades
  3935 | D        | Killed an ogre mage
  3935 | D        | HP: 2/100 [stone giant/large rock (10)]
  3936 | D        | Reached XP level 13. HP: 2/105 MP: 0/0
  3936 | D        | Learned a level 5 spell: Summon Mana Viper
  3939 | D        | Mangled by a stone giant

Illustrated notes

Levels and vault maps discovered:
D:        linesprint [early_d, line_temple, items_1, d_10, items_2, lair_1,
          lair_end, items_3, orc_1, orc_end, items_4, d_15, swamp_1, shoals_1,
          snake_1, spider_1, d_20, vaults_1, items_5, swamp_end, shoals_end,
          snake_end, spider_end, vaults_end, d_27, items_6, zot_1, zot_end,
          crypt_end, forest_end, elf_end, slime_end, tomb_end, abyss_end,
          pan_hell_end]

Skill      XL: |  1  2  3  4  5  6  7  8  9 10 11 12 |
---------------+-------------------------------------+-----
Long Blades    | 3 4 5 6 9 11 13 14 16 18 19 | 19.1
Dodging        | 4 5 6 8 9 10 11 | 11.1
Throwing       | 2 |  2.4
Armour         | 1 2 3 5 6 7 8 11 13 | 13.4
Fighting       | 3 4 5 6 7 9 12 14 | 14.5
Invocations    | 3 4 6 7 8 11 13 | 13.4
Stealth        | |  0.5

Action                     |  1- 3 |  4- 6 |  7- 9 | 10-12 | 13-15 || total
---------------------------+-------+-------+-------+-------+-------++-------
  Melee: Long sword        |    32 |     9 |       |       |       ||    41
         Scimitar          |       |     5 |    74 |   378 |     2 ||   459
         Punch             |       |       |     1 |     7 |       ||     8
  Throw: Throwing net      |       |       |       |     3 |       ||     3
 Invoke: Bend Time         |       |       |     2 |       |       ||     2
         Slouch            |       |       |       |     2 |     1 ||     3
  Evoke: Wand              |       |       |       |     1 |       ||     1
    Use: Potion            |       |     2 |     4 |     1 |     1 ||     8
         Scroll            |       |       |     1 |       |       ||     1
   Stab: Invisible         |       |       |     8 |       |       ||     8
         Held in net/web   |       |       |       |     4 |       ||     4
 Armour: Leather armour    |    18 |    11 |       |       |       ||    29
         Ring mail         |       |     3 |    44 |       |       ||    47
         Plate armour      |       |       |     1 |   142 |       ||   143
         Ice dragon scales |       |       |       |    24 |     1 ||    25
  Dodge: Dodged            |    25 |    19 |    50 |   258 |     2 ||   354

Table legend: (Time is in decaauts)
 A = Elapsed time spent in this place.
 B = Non-inter-level travel time spent in this place.
 C = Inter-level travel time spent in this place.
 D = Time resting spent in this place.
 E = Time spent auto-exploring this place.
 F = Levels seen in this place.
 G = Mean time per level.
                   A        B        C        D        E       F      G
               +--------+--------+--------+--------+--------+-----+--------+
         Total |   4411 |   4411 |      0 |   2593 |      0 |   1 | 4411.0 |
       Dungeon |   4411 |   4411 |      0 |   2593 |      0 |   1 | 4411.0 |
               +--------+--------+--------+--------+--------+-----+--------+

Top non-repeatable levels by time:
       D: 4411 daAuts
